 Dungeon Crawl Stone Soup version 0.28-a0-724-g66f9036eb4 (webtiles) character file.

Game seed: 14956006231988845068

207 kae the Chopper (level 5, -3/47 HPs)
             Began as a Hill Orc Cinder Acolyte on Oct 26, 2021.
             Was a High Priest of Ignis.
             Slain by an orc priest (4 damage)
             ... on level 3 of the Dungeon.
             The game lasted 00:02:12 (4345 turns).

kae the Chopper (Hill Orc Cinder Acolyte)           Turns: 4345, Time: 00:02:13

Health: -3/47      AC:  2    Str: 15      XL:     5   Next: 85%
Magic:  1/8        EV: 11    Int: 12 (15) God:    Ignis [*****.]
Gold:   840        SH:  0    Dex:  5 (6)  Spells: 6/8 levels left

rFire   + . .      SeeInvis .   a - -1 hand axe (flame)
rCold   . . .      Faith    .   (no shield)
rNeg    + . .      Spirit   .   b - +0 robe
rPois   .          Reflect  .   (no helmet)
rElec   .          Harm     .   (no cloak)
rCorr   .          Rampage  .   (no gloves)
Will    .....                   (no boots)
Stlth   +.........              (no amulet)
HPRegen 0.15/turn               e - ring of positive energy
MPRegen 0.11/turn               (no ring)

@: brilliant
A: weak 1
a: Renounce Religion, Convert to Beogh, Sea of Fire, Foxfire Swarm, Rising Flame


You were on level 3 of the Dungeon.
You worshipped Ignis.
Ignis was extremely pleased with you.
You visited 1 branch of the dungeon, and saw 4 of its levels.

You collected 840 gold pieces.

Inventory:

Hand Weapons
 a - a -1 hand axe of flaming (weapon)
Armour
 b - a +0 robe (worn)
Jewellery
 e - a ring of positive energy (left hand)
 g - a +4 ring of evasion
Potions
 d - a potion of degeneration


   Skills:
 + Level 4.7 Fighting
 * Level 6.0 Axes
 + Level 2.0 Spellcasting
 + Level 4.2 Fire Magic


You had 6 spell levels left.
You knew the following spells:

 Your Spells              Type           Power      Damage    Failure   Level
a - Scorch                Fire           34%        2d6       7%          2

Your spell library contained the following spells:

 Spells                   Type           Power      Damage    Failure   Level
 Magic Dart               Conj           4%         1d3       26%         1
 Blink                    Tloc           2%         N/A       38%         2
 Call Imp                 Summ           1%         N/A       38%         2
 Lesser Beckoning         Tloc           1%         N/A       63%         3
 Mephitic Cloud           Conj/Pois/Air  1%         N/A       63%         3
 Manifold Assault         Tloc           1%         N/A       100%        5


Dungeon Overview and Level Annotations

Branches:
Dungeon (4/15)             Temple (0/1) D:4

Altars:

Shops:
D:3 [

Annotations:
D:2 1 runed translucent door, Crazy Yiuf
D:3 1 runed translucent door, NinjaGaidenIII's ghost, amateur MiFi


Innate Abilities, Weirdness & Mutations

You are weak. (Str -2)


Message History

Flames lash the orc priest but do no damage.
The orc priest hits you with a +0 club. The orc priest misses you.
Casting: Scorch (safe; 7% risk of failure)
Confirm with . or Enter, or press ? or * to list all spells.
Flames lash the orc priest.
The orc priest is moderately wounded.
The orc priest's fire resistance burns away.
The orc priest hits you with a +0 club. The orc priest hits you with a +0 club.
* * * LOW HITPOINT WARNING * * *
Casting: Scorch (safe; 7% risk of failure)
Confirm with . or Enter, or press ? or * to list all spells.
You don't have enough magic to cast this spell.
Casting: Scorch (safe; 7% risk of failure)
Confirm with . or Enter, or press ? or * to list all spells.
You don't have enough magic to cast this spell.
You hit the orc priest but do no damage.
The orc priest is moderately wounded.
The orc priest hits you with a +0 club.
* * * LOW HITPOINT WARNING * * *
Casting: Scorch (safe; 7% risk of failure)
Confirm with . or Enter, or press ? or * to list all spells.
You don't have enough magic to cast this spell.
It was a potion of brilliance.
You feel clever all of a sudden.
The orc priest invokes the aid of Beogh against you.
Pain shoots through your body!
* * * LOW HITPOINT WARNING * * *
You aren't carrying any scrolls.
Unknown command.
You aren't carrying any items that you can evoke.
You aren't carrying any scrolls.
Unknown command.
Okay, then.
You hit the orc priest but do no damage.
The orc priest is moderately wounded.
The orc priest is no longer more vulnerable to fire.
The orc priest hits you with a +0 club.
You die...

#....##.#.##.##...#.........##..
#....##...#..##...#............#
#....###'##..##.................
#...###...#.........####.....)..
#.....#...#####.....####........
#.....#.⌠.#.........+..........#
#.....#.8.#.........#...####....
#.....#.⌠.#...)).#.........#....
#.....#...#....@†...............
#.....#.).####..o#....#.......#.
###'####'##........§..#.......#.
####.# #...#..........§........#.
.....###.#.##............#'###.#.
##...##.###.#............#.# #...
#...##.#.#.######.######### #...
#...#.##.##.#.###.+SSW≈!≈####...
#..##.#...#.##..§§########......


You could see an orc priest and 2 adders.

Vanquished Creatures
  A centaur (D:3)
  A hound (D:3)
  3 adders (D:2)
  A dart slug (D:1)
  2 orcs
  5 ball pythons
  3 endoplasms
  6 goblins
  6 hobgoblins
  9 jackals (D:1)
  3 kobolds
  4 quokkas
  9 bats
  5 frilled lizards
  7 rats
65 creatures vanquished.

Notes
Turn   | Place    | Note
-------+----------+-------------------------------------------
     0 | D:1      | kae the Hill Orc Cinder Acolyte began the quest for the
                  | Orb.
     0 | D:1      | Reached XP level 1. HP: 19/19 MP: 2/2
   320 | D:1      | Reached XP level 2. HP: 19/27 MP: 3/3
   855 | D:1      | Reached XP level 3. HP: 31/33 MP: 4/4
  1248 | D:1      | Identified a scroll of acquirement
  1248 | D:1      | Acquired 725 gold pieces
  1553 | D:1      | Learned a level 2 spell: Scorch
  2039 | D:2      | Found a runed translucent door.
  2040 | D:2      | Noticed Crazy Yiuf
  2076 | D:2      | Reached skill level 5 in Axes
  2189 | D:2      | Reached XP level 4. HP: 33/40 MP: 3/6
  3030 | D:3      | Found Duzaededgh's Armour Boutique.
  3084 | D:3      | Found a runed translucent door.
  3089 | D:3      | Noticed NinjaGaidenIII's ghost (amateur MiFi)
  3357 | D:3      | Reached XP level 5. HP: 40/47 MP: 4/7
  3486 | D:3      | Found a faded altar of an unknown god.
  3557 | D:3      | Noticed a centaur
  3564 | D:3      | HP: 2/47 [centaur (1)]
  3568 | D:3      | Gained mutation: You are weak. (Str -2) [potion of
                  | mutation]
  3573 | D:3      | Killed a centaur
  3574 | D:3      | Reached skill level 6 in Axes
  4177 | D:4      | Found a staircase to the Ecumenical Temple.
  4344 | D:3      | HP: 1/47 [orc priest/nerve-wracking pain (7)]
  4345 | D:3      | Slain by an orc priest

Illustrated notes

Levels and vault maps discovered:
D:1:      erik_arrival_orb_chamber, layout_basic, st_stairs_4
D:2:      layout_rooms, kennysheep_doodads, fountainhead,
          uniq_crazy_yiuf_cottage
D:3:      layout_basic, serial_shops, nicolae_diamond_shop,
          ebering_ghost_sewer_d, shapermc_ecumenical_altar_notcrosses,
          grunt_decor_clamped, chequers_serial_rivers_micro_b
D:4:      layout_cave_pools, chei_slow_surprise,
          mainiacjoe_overflow_concentric_impassable,
          minmay_temple_entry_mini_moons, chequers_arboretum, grunt_decor_cap,
          minmay_misc_feat_four_crosses, minmay_misc_feat_five,
          minmay_shop_damaged, minmay_shop_grid_forest

Skill      XL: |  1  2  3  4  5 |
---------------+----------------+-----
Fighting       | 4 |  4.7
Axes           | 5 6 |  6.0
Fire Magic     | 4 |  4.2
Spellcasting   | 2 |  2.0

Action                   |  1- 3 |  4- 6 || total
-------------------------+-------+-------++-------
Melee: Hand axe          |   106 |    30 ||   136
 Cast: Scorch            |     8 |    27 ||    35
  Use: Scroll            |     1 |     2 ||     3
       Potion            |       |     6 ||     6
Armor: Robe              |    43 |    18 ||    61
Dodge: Dodged            |    75 |    60 ||   135

Table legend: (Time is in decaauts)
 A = Elapsed time spent in this place.
 B = Non-inter-level travel time spent in this place.
 C = Inter-level travel time spent in this place.
 D = Time resting spent in this place.
 E = Time spent auto-exploring this place.
 F = Levels seen in this place.
 G = Mean time per level.
                   A        B        C        D        E       F      G
               +--------+--------+--------+--------+--------+-----+--------+
         Total |   4359 |   4207 |    152 |    350 |   3420 |   4 | 1089.8 |
       Dungeon |   4359 |   4207 |    152 |    350 |   3420 |   4 | 1089.8 |
               +--------+--------+--------+--------+--------+-----+--------+

Top non-repeatable levels by time:
     D:1: 1948 daAuts
     D:3: 1376 daAuts
     D:2: 992 daAuts
     D:4: 43 daAuts
